| TOP OF THE 1ST |
|
Pensacola Blue Wahoos batting - Pitching for Biloxi Shuckers : RHP Jeff Swomley
|
|
Pitching: RHP Jeff Swomley
|
|
|
Batting: RHB Solange Le Coq
|
0-0: Ball 1-0: Foul Ball, location: 2F 1-1: Ball 2-1: Called Strike 2-2: Ball 3-2: Foul Ball, location: 2F 3-2: Base on Balls
|
|
Batting: RHB Tim Wormell
|
0-0: Ball 1-0: Called Strike Solange Le Coq steals 2nd base 1-1: Ground out 6-3 (Groundball, 6, EV 77.5 MPH) Solange Le Coq to third
|
|
Batting: LHB Steven Wamble
|
0-0: Called Strike 0-1: Fly out, F8 (Flyball, 8LM, EV 71.9 MPH) Runner from 3rd tags up, OUT at HOME! 8-2
|
| Top of the 1st over - 0 runs, 0 hits, 0 errors, 0 left on base; Pensacola 0 - Biloxi 0 |
| BOTTOM OF THE 1ST |
|
Biloxi Shuckers batting - Pitching for Pensacola Blue Wahoos : RHP Kevin Nabity
|
|
Pitching: RHP Kevin Nabity
|
|
|
Batting: RHB Logan Morgan
|
0-0: Called Strike 0-1: Foul Ball, location: 2F 0-2: Ball 1-2: SINGLE (Line Drive, 8LS, EV 110.6 MPH)
|
|
Batting: LHB Alan Bianchard
|
0-0: Swinging Strike 0-1: Ball 1-1: Ball 2-1: Ball 3-1: Grounds into double play, 6-4-3 (Groundball, 6S, EV 81.3 MPH)
|
|
Batting: SHB Jamel Wright
|
0-0: Ball 1-0: Foul Ball, location: 2F 1-1: Swinging Strike 1-2: Ball 2-2: Foul Ball, location: 2F 2-2: Foul Ball, location: 2F 2-2: Ball 3-2: TRIPLE (Flyball, 89XD, EV 95.0 MPH)
|
|
Batting: RHB Tim Lively
|
0-0: Ball Passed Ball! Jamel Wright scores 1-0: Foul Ball, location: 2F 1-1: Ball 2-1: Ball 3-1: Base on Balls
|
|
Batting: RHB Mike Ball
|
0-0: Ball Tim Lively steals 2nd base 1-0: Ball 2-0: Ground out 5-3 (Groundball, 56S, EV 84.4 MPH)
|
| Bottom of the 1st over - 1 run, 2 hits, 0 errors, 1 left on base; Pensacola 0 - Biloxi 1 |
| TOP OF THE 2ND |
|
Pensacola Blue Wahoos batting - Pitching for Biloxi Shuckers : RHP Jeff Swomley
|
|
Batting: RHB Jason Harris
|
0-0: Called Strike 0-1: SINGLE (Line Drive, 4D, EV 108.8 MPH)
|
|
Batting: RHB Jon Marquez
|
0-0: Called Strike 0-1: Swinging Strike 0-2: Ball 1-2: Strikes out swinging
|
|
Batting: RHB Pedro Pinero
|
0-0: Ball 1-0: Ball 2-0: Swinging Strike 2-1: Swinging Strike 2-2: Foul Ball, location: 2F 2-2: Ball 3-2: Base on Balls Jason Harris to second
|
|
Batting: RHB Danny Powell
|
0-0: Ball 1-0: Grounds into double play, 5-4-3 (Groundball, 56S, EV 84.4 MPH)
|
| Top of the 2nd over - 0 runs, 1 hit, 0 errors, 1 left on base; Pensacola 0 - Biloxi 1 |
| BOTTOM OF THE 2ND |
|
Biloxi Shuckers batting - Pitching for Pensacola Blue Wahoos : RHP Kevin Nabity
|
|
Batting: RHB Carlos Salazar
|
0-0: Ball 1-0: Swinging Strike 1-1: Ball 2-1: Foul Ball, location: 2F 2-2: Foul Ball, location: 2F 2-2: Strikes out looking
|
|
Batting: RHB Matthew Adams
|
0-0: Foul Ball, location: 2F 0-1: Foul Ball, location: 2F 0-2: Ball 1-2: Strikes out swinging
|
|
Batting: RHB Nick Spiller
|
0-0: Called Strike 0-1: Foul Ball, location: 2F 0-2: Ball 1-2: Ball 2-2: Strikes out looking
|
| Bottom of the 2nd over - 0 runs, 0 hits, 0 errors, 0 left on base; Pensacola 0 - Biloxi 1 |
| TOP OF THE 3RD |
|
Pensacola Blue Wahoos batting - Pitching for Biloxi Shuckers : RHP Jeff Swomley
|
|
Batting: RHB Chris Holland
|
0-0: Ball 1-0: Ball 2-0: Foul Ball, location: 2F 2-1: Foul Ball, location: 2F 2-2: Strikes out looking
|
|
Batting: SHB Jared Thomas
|
0-0: Ball 1-0: Ball 2-0: Ball 3-0: Called Strike 3-1: Base on Balls
|
|
Batting: RHB Solange Le Coq
|
0-0: Ball 1-0: Ball 2-0: Ball 3-0: Base on Balls Jared Thomas to second
|
|
Batting: RHB Tim Wormell
|
0-0: Ball 1-0: Ball 2-0: Called Strike 2-1: Called Strike 2-2: Foul Ball, location: 2F 2-2: Ball 3-2: SINGLE (Groundball, 4M, EV 103.8 MPH) (infield hit) Jared Thomas to third Solange Le Coq to second
|
|
Batting: LHB Steven Wamble
|
0-0: Ball 1-0: Fly out, F7 (Flyball, 7LS, EV 94.4 MPH)
|
|
Batting: RHB Jason Harris
|
0-0: Foul Ball, location: 2F 0-1: Fielders Choice at 2nd, 6-4 (Groundball, 6, EV 100.6 MPH)
|
| Top of the 3rd over - 0 runs, 1 hit, 0 errors, 3 left on base; Pensacola 0 - Biloxi 1 |
| BOTTOM OF THE 3RD |
|
Biloxi Shuckers batting - Pitching for Pensacola Blue Wahoos : RHP Kevin Nabity
|
|
Batting: RHB Dave Bateman
|
0-0: SINGLE (Flyball, 5D, EV 93.8 MPH)
|
|
Batting: RHB Logan Morgan
|
0-0: Called Strike 0-1: Ball 1-1: Ball 2-1: Foul Ball, location: 2F 2-2: Foul Ball, location: 2F 2-2: Foul Ball, location: 2F 2-2: Strikes out swinging
|
|
Batting: LHB Alan Bianchard
|
0-0: Ball 1-0: Ball 2-0: Swinging Strike 2-1: Foul Ball, location: 2F 2-2: Ball 3-2: Fly out, F9 (Flyball, 9S, EV 75.0 MPH)
|
|
Batting: SHB Jamel Wright
|
0-0: Called Strike 0-1: Called Strike 0-2: Ball 1-2: Foul Ball, location: 2F 1-2: DOUBLE (Line Drive, 89D, EV 101.3 MPH) Dave Bateman to third Runner from 3rd tries for Home, SAFE, throw by RF to trailing runner, OUT at third! 9-3-5
|
| Bottom of the 3rd over - 1 run, 2 hits, 0 errors, 0 left on base; Pensacola 0 - Biloxi 2 |
| TOP OF THE 4TH |
|
Pensacola Blue Wahoos batting - Pitching for Biloxi Shuckers : RHP Jeff Swomley
|
|
Batting: RHB Jon Marquez
|
0-0: SINGLE (Groundball, 3D, EV 97.5 MPH)
|
|
Batting: RHB Pedro Pinero
|
0-0: Called Strike 0-1: Ball 1-1: Called Strike Jon Marquez steals 2nd base 1-2: Strikes out swinging
|
|
Batting: RHB Danny Powell
|
0-0: Ball 1-0: Foul Ball, location: 2F 1-1: Ball 2-1: Ground out 6-3 (Groundball, 6M, EV 81.3 MPH) Jon Marquez to third
|
|
Batting: RHB Chris Holland
|
0-0: Swinging Strike 0-1: Ball 1-1: DOUBLE (Flyball, 8RXD, EV 104.4 MPH) Jon Marquez scores
|
|
Batting: SHB Jared Thomas
|
0-0: Ball 1-0: Ball 2-0: Ground out 6-3 (Groundball, 6M, EV 86.3 MPH)
|
| Top of the 4th over - 1 run, 2 hits, 0 errors, 1 left on base; Pensacola 1 - Biloxi 2 |
| BOTTOM OF THE 4TH |
|
Biloxi Shuckers batting - Pitching for Pensacola Blue Wahoos : RHP Kevin Nabity
|
|
Batting: RHB Tim Lively
|
0-0: Hit by Pitch
|
|
Batting: RHB Mike Ball
|
0-0: Ball Tim Lively steals 2nd base 1-0: Ball Wild Pitch! Tim Lively to third 2-0: Ground out 4-3 (Groundball, 4, EV 84.4 MPH) Tim Lively scores
|
|
Batting: RHB Carlos Salazar
|
0-0: Ball 1-0: Called Strike 1-1: Foul Ball, location: 2F 1-2: Strikes out swinging
|
|
Batting: RHB Matthew Adams
|
0-0: Foul Ball, location: 2F 0-1: Foul Ball, location: 2F 0-2: Ball 1-2: Strikes out swinging
|
| Bottom of the 4th over - 1 run, 0 hits, 0 errors, 0 left on base; Pensacola 1 - Biloxi 3 |
| TOP OF THE 5TH |
|
Pensacola Blue Wahoos batting - Pitching for Biloxi Shuckers : RHP Jeff Swomley
|
|
Batting: RHB Solange Le Coq
|
0-0: Foul Ball, location: 2F 0-1: Called Strike 0-2: SOLO HOME RUN (Flyball, 78XD, EV 108.8 MPH), Distance : 412 ft
|
|
Batting: RHB Tim Wormell
|
0-0: Ball 1-0: SINGLE (Groundball, 34D, EV 100.0 MPH)
|
|
Batting: LHB Steven Wamble
|
0-0: Called Strike 0-1: Ball 1-1: Called Strike 1-2: SINGLE (Groundball, 56D, EV 108.1 MPH) Tim Wormell to second
|
|
Batting: RHB Jason Harris
|
0-0: Ball 1-0: Swinging Strike 1-1: Grounds into double play, 4-6-3 (Groundball, 4, EV 93.1 MPH) Tim Wormell to third
|
|
Batting: RHB Jon Marquez
|
0-0: Ball 1-0: Called Strike 1-1: Fly out, F9 (Flyball, 9LD, EV 103.8 MPH)
|
| Top of the 5th over - 1 run, 3 hits, 0 errors, 1 left on base; Pensacola 2 - Biloxi 3 |
| BOTTOM OF THE 5TH |
|
Biloxi Shuckers batting - Pitching for Pensacola Blue Wahoos : RHP Kevin Nabity
|
|
Batting: RHB Nick Spiller
|
0-0: Ball 1-0: Fly out, F9 (Flyball, 9S, EV 83.1 MPH)
|
|
Batting: RHB Dave Bateman
|
0-0: Swinging Strike 0-1: Bunted foul 0-2: Foul Ball, location: 2F 0-2: Ball 1-2: Ground out U3 (Groundball, 23, EV 84.4 MPH)
|
|
Batting: RHB Logan Morgan
|
0-0: Ball 1-0: Ball 2-0: Called Strike 2-1: Ball 3-1: Foul Ball, location: 2F 3-2: Base on Balls
|
|
Batting: LHB Alan Bianchard
|
0-0: Called Strike 0-1: Called Strike 0-2: Ball Logan Morgan steals 2nd base (no throw) 1-2: Fly out, F3 (Popup, 3F, EV 85.0 MPH)
|
| Bottom of the 5th over - 0 runs, 0 hits, 0 errors, 1 left on base; Pensacola 2 - Biloxi 3 |
| TOP OF THE 6TH |
|
Pensacola Blue Wahoos batting - Pitching for Biloxi Shuckers : RHP Jeff Swomley
|
|
Batting: RHB Pedro Pinero
|
0-0: Foul Ball, location: 2F 0-1: Ball 1-1: Foul Ball, location: 2F 1-2: Strikes out swinging
|
|
Batting: RHB Danny Powell
|
0-0: Ball 1-0: Ball 2-0: Foul Ball, location: 2F 2-1: Foul Ball, location: 2F 2-2: Strikes out looking
|
|
Batting: RHB Chris Holland
|
0-0: Fly out, F8 (Flyball, 89D, EV 74.4 MPH)
|
| Top of the 6th over - 0 runs, 0 hits, 0 errors, 0 left on base; Pensacola 2 - Biloxi 3 |
| BOTTOM OF THE 6TH |
|
Biloxi Shuckers batting - Pitching for Pensacola Blue Wahoos : RHP Kevin Nabity
|
|
Batting: SHB Jamel Wright
|
0-0: Called Strike 0-1: Ball 1-1: Fly out, F5 (Popup, 5SF, EV 84.4 MPH)
|
|
Batting: RHB Tim Lively
|
0-0: Ball 1-0: Foul Ball, location: 2F 1-1: Foul Ball, location: 2F 1-2: Foul Ball, location: 2F 1-2: Foul Ball, location: 2F 1-2: Ball 2-2: Foul Ball, location: 2F 2-2: Ground out U3 (Groundball, 3, EV 83.1 MPH)
|
|
Batting: RHB Mike Ball
|
0-0: Ball 1-0: Swinging Strike 1-1: Foul Ball, location: 2F 1-2: Foul Ball, location: 2F 1-2: Strikes out swinging
|
| Bottom of the 6th over - 0 runs, 0 hits, 0 errors, 0 left on base; Pensacola 2 - Biloxi 3 |
| TOP OF THE 7TH |
|
Pensacola Blue Wahoos batting - Pitching for Biloxi Shuckers : RHP Jeff Swomley
|
|
Pitching: LHP Nate Tate
|
|
|
Batting: SHB Jared Thomas
|
0-0: Swinging Strike 0-1: Called Strike 0-2: Ball 1-2: Ball 2-2: Ball 3-2: Foul Ball, location: 2F 3-2: Strikes out looking
|
|
Batting: RHB Solange Le Coq
|
0-0: Ball 1-0: Ball 2-0: Foul Ball, location: 2F 2-1: Ground out U3 (Groundball, 13, EV 94.4 MPH)
|
|
Batting: RHB Tim Wormell
|
0-0: Ball 1-0: Ball 2-0: Fly out, F9 (Flyball, 89D, EV 101.3 MPH)
|
| Top of the 7th over - 0 runs, 0 hits, 0 errors, 0 left on base; Pensacola 2 - Biloxi 3 |
| BOTTOM OF THE 7TH |
|
Biloxi Shuckers batting - Pitching for Pensacola Blue Wahoos : RHP Kevin Nabity
|
|
Pitching: RHP Joaquin Villalobos
|
|
|
Batting: RHB Carlos Salazar
|
0-0: Ball 1-0: Fly out, F1 (Line Drive, P, EV 70.0 MPH)
|
|
Batting: RHB Matthew Adams
|
0-0: Ball 1-0: Ball 2-0: Called Strike 2-1: Swinging Strike 2-2: Foul Ball, location: 2F 2-2: Foul Ball, location: 2F 2-2: Strikes out swinging
|
|
Batting: RHB Nick Spiller
|
0-0: Ball 1-0: Ball 2-0: Called Strike 2-1: Ball 3-1: Foul Ball, location: 2F 3-2: Fly out, F8 (Flyball, 8LS, EV 88.8 MPH)
|
| Bottom of the 7th over - 0 runs, 0 hits, 0 errors, 0 left on base; Pensacola 2 - Biloxi 3 |
| TOP OF THE 8TH |
|
Pensacola Blue Wahoos batting - Pitching for Biloxi Shuckers : LHP Nate Tate
|
|
Batting: LHB Steven Wamble
|
0-0: Foul Ball, location: 2F 0-1: Called Strike 0-2: Ball 1-2: Ball 2-2: Strikes out looking
|
|
Batting: RHB Jason Harris
|
0-0: Ball 1-0: Ball 2-0: Swinging Strike 2-1: Fly out, F8 (Flyball, 89XD, EV 93.8 MPH)
|
|
Batting: RHB Jon Marquez
|
0-0: Ball 1-0: Ball 2-0: Fly out, F9 (Flyball, 9S, EV 90.0 MPH)
|
| Top of the 8th over - 0 runs, 0 hits, 0 errors, 0 left on base; Pensacola 2 - Biloxi 3 |
| BOTTOM OF THE 8TH |
|
Biloxi Shuckers batting - Pitching for Pensacola Blue Wahoos : RHP Joaquin Villalobos
|
|
Batting: RHB Dave Bateman
|
0-0: Ball 1-0: Fly out, F3 (Popup, 34, EV 68.8 MPH)
|
|
Batting: RHB Logan Morgan
|
0-0: Ball 1-0: Called Strike 1-1: Ball 2-1: Called Strike 2-2: Ground out 4-3 (Groundball, 4M, EV 108.1 MPH)
|
|
Batting: LHB Alan Bianchard
|
0-0: Called Strike 0-1: SINGLE (Line Drive, 4MD, EV 96.3 MPH)
|
|
Batting: SHB Jamel Wright
|
0-0: Called Strike 0-1: DOUBLE (Line Drive, 89D, EV 103.8 MPH) Alan Bianchard to third
|
|
Batting: RHB Tim Lively
|
0-0: Ground out 4-3 (Groundball, 4, EV 105.0 MPH)
|
| Bottom of the 8th over - 0 runs, 2 hits, 0 errors, 2 left on base; Pensacola 2 - Biloxi 3 |
| TOP OF THE 9TH |
|
Pensacola Blue Wahoos batting - Pitching for Biloxi Shuckers : LHP Nate Tate
|
|
Pitching: RHP Mike Ellinwood
|
|
|
Batting: RHB Pedro Pinero
|
0-0: Ball 1-0: Ball 2-0: Ball 3-0: Called Strike 3-1: Called Strike 3-2: Ground out 6-3 (Groundball, 6, EV 86.9 MPH)
|
|
Batting: RHB Danny Powell
|
0-0: Called Strike 0-1: Called Strike 0-2: Foul Ball, location: 2F 0-2: Strikes out looking
|
|
Batting: RHB Chris Holland
|
0-0: Called Strike 0-1: Swinging Strike 0-2: Foul Ball, location: 2F 0-2: Ball 1-2: Ball 2-2: Foul Ball, location: 2F 2-2: Strikes out swinging
|
| Top of the 9th over - 0 runs, 0 hits, 0 errors, 0 left on base; Pensacola 2 - Biloxi 3 |
|